 Dungeon Crawl Stone Soup version 0.28-a0-1594-ga885d4b3d6 (webtiles) character file.

Game seed: 14933136687387826273

2 psuckher the Sneak (level 1, -1/16 HPs)
             Began as a Demonspawn Brigand on Jan 20, 2022.
             Slain by a goblin (4 damage)
             ... on level 1 of the Dungeon.
             The game lasted 00:00:23 (92 turns).

psuckher the Sneak (Demonspawn Brigand)               Turns: 92, Time: 00:00:24

Health: -1/16      AC:  3    Str: 11    XL:     1   Next: 33%
Magic:  1/1        EV: 11    Int: 12    God:
Gold:   4          SH:  0    Dex: 14    Spells: 0/0 levels left

rFire   . . .      SeeInvis .   a - +2 dagger
rCold   . . .      Faith    .   (no shield)
rNeg    . . .      Spirit   .   b - +0 robe
rPois   .          Reflect  .   (no helmet)
rElec   .          Harm     .   c - +0 cloak
rCorr   .          Rampage  .   (no gloves)
Will    .....                   (no boots)
Stlth   ++........              (no amulet)
HPRegen 0.05/turn               (no ring)
MPRegen 0.07/turn               (no ring)

@: no status effects
A: no striking features
a: no special abilities


You were on level 1 of the Dungeon.
You visited 1 branch of the dungeon, and saw 1 of its levels.

You collected 4 gold pieces.

Inventory:

Hand Weapons
 a - a +2 dagger (weapon)
Missiles
 d - 8 poisoned darts (quivered)
 e - 2 curare-tipped darts
Armour
 b - a +0 robe (worn)
 c - a +0 cloak (worn)
Potions
 f - a potion of haste {unknown}


   Skills:
 + Level 2.0 Fighting
 + Level 1.9 Short Blades
 + Level 1.7 Throwing
 + Level 0.8 Dodging
 + Level 3.7 Stealth


You couldn't memorise any spells.
You didn't know any spells.
Your spell library was empty.

Dungeon Overview and Level Annotations

Branches:
Dungeon (1/15)

Altars:


Message History

A goblin comes into view. It is wielding a +0 club.
Found a club and a gold piece.
The hobgoblin shouts!
You hear a shout!
The giant cockroach bites you but does no damage.
You see here a giant cockroach corpse.
A goblin comes into view. It is wielding a +0 club.
The goblin shouts!
You hear a shout!
The hobgoblin shouts!
The goblin shouts!
The giant cockroach bites you but does no damage.
You hear an angry hiss.
You hit the giant cockroach.
The giant cockroach is almost dead.
The giant cockroach bites you but does no damage.
A dart slug comes into view.
You hit the giant cockroach.
You kill the giant cockroach!
You see here a giant cockroach corpse.
A kobold comes into view. It is wielding a +0 dagger.
The hobgoblin hits you.
A rat comes into view.
The kobold shouts!
You hit the hobgoblin.
The hobgoblin is severely wounded.
The hobgoblin hits you. The goblin hits you with a +0 club.
The hobgoblin closely misses you.
You barely miss the hobgoblin.
The hobgoblin is severely wounded.
The goblin hits you but does no damage. The hobgoblin barely misses you.
The goblin closely misses you.
The hobgoblin hits you but does no damage.
A dart slug comes into view.
You barely miss the hobgoblin.
The hobgoblin is severely wounded.
The goblin completely misses you. The hobgoblin barely misses you.
The goblin hits you with a +0 club. The hobgoblin hits you.
* * * LOW HITPOINT WARNING * * *
You hit the hobgoblin.
The hobgoblin is almost dead.
The goblin barely misses you. The hobgoblin closely misses you.
The hobgoblin barely misses you. The goblin hits you with a +0 club.
You die...

♣#.####
#....#
#####.##
#.^.#.####
#......####
#..........
###.#..####
#.†.#..#
#g@†#..#
.$w...ggg...#
..#.........#
....w.....>.#
...:K..r....#
....#.......#
##..#.....).#
.. #.......#


You could see 2 dart slugs, 2 hobgoblins, 2 goblins, a kobold and a rat.

Vanquished Creatures
  2 giant cockroaches (D:1)
2 creatures vanquished.

Notes
Turn   | Place    | Note
-------+----------+-------------------------------------------
     0 | D:1      | psuckher the Demonspawn Brigand began the quest for the
                  | Orb.
     0 | D:1      | Reached XP level 1. HP: 16/16 MP: 1/1
    92 | D:1      | Slain by a goblin

Illustrated notes

Levels and vault maps discovered:
D:1:      saegor_arrival_under_anarchy, layout_loops_cross,
          hangedman_decor_peaks_small, hangedman_feature_mirror

Action                   || total
-------------------------++-------
Melee: Dagger            ||     7
 Stab: Sleeping          ||     1
Armor: Robe              ||     5
Dodge: Dodged            ||     8

Table legend: (Time is in decaauts)
 A = Elapsed time spent in this place.
 B = Non-inter-level travel time spent in this place.
 C = Inter-level travel time spent in this place.
 D = Time resting spent in this place.
 E = Time spent auto-exploring this place.
 F = Levels seen in this place.
 G = Mean time per level.
                   A        B        C        D        E       F      G
               +--------+--------+--------+--------+--------+-----+--------+
         Total |     91 |     89 |      2 |      0 |      0 |   1 |   91.0 |
       Dungeon |     91 |     89 |      2 |      0 |      0 |   1 |   91.0 |
               +--------+--------+--------+--------+--------+-----+--------+

Top non-repeatable levels by time:
     D:1: 91 daAuts
